Map: King's Cove LE

Players

Lambo - Winner!

  • Race: Zerg Zerg
  • League: Master
  • Spawn Location: 11:00

llllllllllll

  • Race: Protoss Protoss
  • League: Grandmaster
  • Spawn Location: 5:00

VOD

Have the link to the VOD?

Description

Time

  • Played on: Aug. 6, 2019, 11:10 a.m.
  • Length: 9:13
Show
View Real Time Build Order
Export as new Build Order

Lambo Zerg - Winner!

Build Orders: Hatch First 

Get SALT Encoding   

  12  0:00  Drone  
  13  0:14  Overlord  
  13  0:18  Drone  
  14  0:33  Drone x2  
  16  0:49  Hatchery  
  15  0:52  Drone  
  15  0:56  Drone  
  17  0:59  Drone  
  18  1:11  Extractor  
  17  1:15  Spawning Pool  
  16  1:19  Drone  
  16  1:22  Drone  
  18  1:29  Drone  
  19  1:40  Drone  
  20  1:53  Drone  
  21  2:01  Queen  
  21  2:02  Queen  
  21  2:04  Zergling x2, Overlord  
  26  2:11  Drone  
  26  2:12  Drone  
  28  2:24  Drone x2  
  30  2:33  Drone  
  30  2:36  Hatchery  
  30  2:37  Pneumatized Carapace  
  30  2:46  Drone  
  30  2:47  Drone  
  30  2:48  Overlord  
  32  2:56  Queen  
  34  3:02  Drone x2  
  36  3:10  Drone x5  
  41  3:17  Overlord  
  41  3:22  Metabolic Boost  
  41  3:24  Drone  
  42  3:29  Drone  
  42  3:32  Drone  
  44  3:34  Queen  
  44  3:39  Drone  
  47  3:41  Drone  
  47  3:43  Drone  
  47  3:45  Drone x2  
  47  3:48  Drone x2  
  53  3:53  Queen  
  53  3:55  Drone  
  56  3:58  Overlord  
  56  4:01  Drone  
  57  4:05  Drone  
  57  4:08  Spore Crawler x2  
  57  4:09  Drone  
  57  4:10  Roach Warren  
  57  4:11  Zergling x2  
  57  4:12  Zergling x2  
  57  4:16  Overlord  
  58  4:18  Lair  
  58  4:22  Overlord  
  58  4:24  Zergling x4  
  58  4:31  Extractor x2  
  59  4:32  Zergling x8  
  59  4:33  Zergling x2  
  59  4:38  Zergling x2  
  64  4:40  Overlord  
  64  4:50  Drone x10  
  74  4:55  Drone  
  74  4:56  Overlord  
  75  5:00  Drone  
  76  5:11  Roach x2  
  80  5:14  Roach x2  
  80  5:15  Roach  
  80  5:19  Roach x2  
  80  5:21  Glial Reconstitution  
  90  5:23  Drone x2  
  90  5:24  Extractor  
  90  5:25  Extractor  
  90  5:26  Overlord  
  90  5:28  Roach x2  
  94  5:33  Drone x4  
  94  5:35  Overlord, Evolution Chamber  
  97  5:38  Overlord x2  
  97  5:42  Overlord  
  97  5:46  Overlord  
  99  5:53  Overlord  
  99  5:57  Overlord  
  99  6:02  Roach x6  
  111  6:06  Zerg Missile Weapons Level 1, Drone x4  
  111  6:09  Extractor  
  111  6:10  Overlord  
  111  6:15  Roach  
  111  6:16  Ravager  
  115  6:18  Drone x3  
  115  6:19  Drone  
  115  6:22  Drone  
  119  6:26  Drone, Baneling Nest  
  119  6:30  Hatchery, Drone  
  119  6:34  Drone x2  
  121  6:42  Roach x5  
  121  6:45  Overseer  
  131  6:50  Roach x3  
  131  6:52  Overlord x2  
  136  7:03  Overlord  
  136  7:05  Overlord  
  136  7:07  Overlord  
  136  7:09  Centrifical Hooks  
  136  7:12  Overlord  
  136  7:13  Roach x6  
  136  7:15  Ravager x4  
  152  7:17  Overlord  
  152  7:20  Overlord, Roach  
  154  7:23  Roach x3  
  154  7:24  Ravager  
  154  7:28  Roach x2  
  164  7:34  Roach x4  
  164  7:35  Zergling x2  
  175  7:37  Roach  
  175  7:41  Overlord  
  175  7:48  Roach x4  
  175  7:49  Ravager x2  
  183  7:53  Roach x2  
  183  7:55  Roach x2  
  183  7:58  Roach x2  
  193  8:05  Roach x3  
  198  8:32  Roach x3  
  192  8:36  Hatchery, Roach x8  
  192  8:38  Roach  
  192  8:40  Roach x3  
  177  8:44  Roach x3  
  177  8:46  Roach  
  169  8:49  Roach x3  
  169  8:51  Roach  
  149  9:08  Ravager x3  
Show
View Real Time Build Order
Export as new Build Order

llllllllllll Protoss 

Build Orders: 1 Gate Expand, Archon Immortal, Archon Drop, Dark Templar Rush 

Get SALT Encoding   

  12  0:00  Probe  
  13  0:13  Probe  
  14  0:18  Pylon  
  14  0:21  Probe  
  15  0:30  Assimilator  
  15  0:32  Probe  
  15  0:42  Probe  
  17  0:53  Probe  
  18  0:57  Gateway  
  18  1:01  Probe  
  18  1:10  Probe  
  20  1:25  Nexus  
  20  1:28  Probe  
  21  1:40  Probe  
  21  1:44  Cybernetics Core  
  22  1:48  Assimilator  
  22  1:52  Probe  
  23  1:55  Pylon  
  23  2:12  Stalker  
  23  2:13  Probe  
  26  2:25  Warp Gate  
  26  2:26  Probe  
  27  2:34  Probe  
  27  2:35  Twilight Council  
  27  2:38  Probe  
  27  2:42  Probe  
  29  2:50  Probe  
  31  2:52  Probe  
  32  3:02  Probe, Robotics Facility  
  32  3:04  Probe  
  34  3:13  Probe, Dark Shrine  
  34  3:15  Probe  
  34  3:18  Gateway  
  36  3:25  Probe  
  37  3:27  Probe, Gateway  
  37  3:33  Assimilator  
  38  3:36  Assimilator  
  38  3:37  Probe  
  38  3:39  Warp Prism, Probe  
  40  3:51  Probe  
  40  3:52  Probe  
  44  3:55  Pylon  
  44  4:03  Probe  
  44  4:04  Probe  
  46  4:13  Pylon  
  46  4:15  Immortal, Probe  
  51  4:17  Zealot  
  51  4:21  Probe  
  54  4:26  Pylon  
  54  4:31  Probe  
  55  4:41  Forge  
  55  4:42  Dark Templar x2  
  55  4:44  Dark Templar  
  55  4:51  Dark Templar x2  
  55  4:52  Dark Templar  
  61  4:59  Immortal  
  65  5:05  Pylon, Protoss Ground Weapons Level 1  
  65  5:08  Gateway  
  65  5:11  Gateway  
  65  5:19  Archon  
  65  5:24  Dark Templar  
  65  5:26  Pylon, Sentry x2  
  71  5:30  Archon, Gateway  
  71  5:33  Gateway  
  71  5:37  Gateway  
  71  5:45  Immortal  
  75  5:57  Pylon  
  75  6:11  Zealot x3  
  75  6:16  Stalker x2  
  85  6:22  Immortal  
  89  6:26  Pylon  
  89  6:41  Sentry x2  
  89  6:45  Pylon  
  89  6:46  Sentry  
  89  6:47  Sentry x2  
  97  6:48  Stalker  
  97  6:53  Nexus  
  101  7:06  Pylon  
  101  7:10  Stalker  
  103  7:23  Dark Templar x2  
  103  7:27  Dark Templar x2  
  103  7:28  Zealot x3  
  103  7:29  Archon  
  117  7:31  Archon  
  117  7:38  Pylon  
  117  7:39  Pylon  
  115  7:54  Pylon x2  
  115  8:11  Pylon  
  115  8:12  Pylon, Stalker x3  
  117  8:13  Stalker x2  
  125  8:20  Pylon x2  
  125  8:25  Observer  
  116  8:39  Stalker x7  
  59  9:03  Stalker x2  
  59  9:04  Stalker x3  
Tags
 
Add a new tag
Caveats
  • Supply blocks, unpowered buildings, or Contaminate may cause inaccurate times.
  • Supply counts are checked every 10 seconds.